[Event "10th Iberoamericano-ch 2024"]
[Site "Linares"]
[Date "2024.09.25"]
[Round "2.21"]
[White "Perea Fruet, Lorenzo"]
[Black "Cabezas Solano, David Alejandro"]
[Result "1-0"]
[ECO "B50"]
[WhiteElo "2389"]
[BlackElo "2248"]
[Annotator "TA"]
[PlyCount "63"]
[EventDate "2024.09.25"]
[EventType "swiss"]
[EventCountry "ESP"]
[SourceTitle "playchess.com"]
[Source "ChessBase"]
[SourceQuality "1"]
[TimeControl "5400+30"]

1. e4 c5 2. Nf3 d6 3. c3 Nf6 4. h3 g6 5. Bd3 d5 6. e5 Ne4 {[%emt 0:04:13] [#]} (6... Nfd7 $11) 7. Bb5+ $1 $18 Bd7 8. Bxd7+ {[%emt 0:00:29] White has a decisive advantage.} Nxd7 9. d3 Bg7 10. e6 fxe6 11. dxe4 dxe4 12. Ng5 Qb6 13. Qb3 Ne5 14. Qxb6 ({Resist} 14. Nxe6 Nd3+ 15. Ke2 Be5 $18) 14... Nd3+ 15. Ke2 axb6 16. Nxe4 c4 17. Na3 Rc8 18. Rb1 {[%emt 0:01:51] White is clearly winning.} O-O 19. Be3 b5 20. Nxb5 Rf5 21. Na3 b5 22. Nc2 Rb8 23. a3 e5 24. Nb4 Nf4+ 25. Bxf4 exf4 26. f3 Rc8 27. Rhd1 g5 28. Rd7 Re5 29. Rbd1 Kf7 30. R1d5 h6 31. Rxe5 Bxe5 32. Rd5 {[%emt 0:00:06][%csl LRb5,LRe5] Black got outplayed after the opening.   Weighted Error Value: White=0.06 (flawless) /Black=0.48.  Loses game:     	---       	Black=1      OK:         	White=13    	Black=7      Strong:       	White=1     	---} 1-0

[Event "10th Iberoamericano-ch 2024"]
[Site "Linares"]
[Date "2024.09.25"]
[Round "2.22"]
[White "Vega Gutierrez, Sabrina"]
[Black "Garzon Zapatanga, Christopher Leonel"]
[Result "1/2-1/2"]
[ECO "B92"]
[WhiteElo "2374"]
[BlackElo "2216"]
[Annotator "RC"]
[PlyCount "122"]
[EventDate "2024.09.25"]
[EventType "swiss"]
[EventCountry "ESP"]
[SourceTitle "playchess.com"]
[Source "ChessBase"]
[SourceQuality "1"]
[TimeControl "5400+30"]

1. e4 c5 2. Nf3 d6 3. d4 cxd4 4. Nxd4 Nf6 5. Nc3 a6 6. Be2 e5 7. Nb3 Be7 8. Be3 Be6 9. Nd5 Nbd7 10. Qd3 Bxd5 11. exd5 Rc8 12. c4 O-O 13. O-O Ne8 14. a4 a5 15. Bg4 Nef6 16. Bh3 b6 17. f4 Qc7 18. Rac1 Rcd8 19. fxe5 dxe5 20. Bg5 Nc5 21. Nxc5 Qxc5+ 22. Kh1 Ne8 23. Bxe7 Qxe7 24. Qe3 Qc5 25. Qxe5 Nd6 26. b3 Rde8 27. Qb2 Re3 28. Rce1 Rfe8 29. Rxe3 Qxe3 30. Qc1 Qxb3 31. c5 bxc5 32. Qxc5 Qd3 33. g3 Ne4 34. Qb5 Qxb5 35. axb5 Rb8 36. Bd7 Nd6 37. Ra1 Nc4 38. Bc6 Kf8 39. Ra4 Nb6 40. Rxa5 Rd8 41. Ra1 Ke7 42. Re1+ Kd6 43. Rf1 Ke7 44. Rd1 Kd6 45. Kg2 Kc5 46. Rc1+ Kb4 47. Kf3 Nxd5 48. Rd1 Kc5 49. Rxd5+ Rxd5 50. Bxd5 Kxd5 51. Kf4 Kc5 52. Ke5 Kxb5 53. Kd6 Kc4 54. Ke7 f5 55. h4 Kd5 56. Kf7 g6 57. Kg7 Ke6 58. Kxh7 Kf7 59. Kh6 Kf6 60. Kh7 g5 61. hxg5+ Kxg5 1/2-1/2

[Event "10th Iberoamericano-ch 2024"]
[Site "Linares"]
[Date "2024.09.25"]
[Round "2.23"]
[White "Lorente Serrano, Rosa Adela"]
[Black "Ladron De Guevara Pinto, Paolo"]
[Result "0-1"]
[ECO "A07"]
[WhiteElo "2087"]
[BlackElo "2371"]
[Annotator "RC"]
[PlyCount "76"]
[EventDate "2024.09.25"]
[EventType "swiss"]
[EventCountry "ESP"]
[SourceTitle "playchess.com"]
[Source "ChessBase"]
[SourceQuality "1"]
[TimeControl "5400+30"]

1. Nf3 d5 2. g3 Bg4 3. Bg2 c6 4. h3 Bf5 5. d3 h6 6. O-O Nf6 7. Nbd2 e6 8. Qe1 Bh7 9. e4 Be7 10. Qe2 a5 11. Ne5 Nbd7 12. exd5 cxd5 13. Ndf3 O-O 14. d4 Nb6 15. c3 Nc8 16. h4 Ne4 17. Bf4 Ncd6 18. Bh3 Kh8 19. Nd2 Rc8 20. Nxe4 Nxe4 21. f3 Nd6 22. Rae1 Ra8 23. Bc1 Qe8 24. Rf2 b5 25. h5 b4 26. c4 Nxc4 27. Nxf7+ Rxf7 28. Bxe6 Bf6 29. Bxd5 Re7 30. Bxa8 Qxa8 31. Qxe7 Bxe7 32. Rxe7 Bg8 33. Bf4 Qd8 34. Rfe2 Qxd4+ 35. Kg2 Bd5 36. b3 Qd3 37. Re8+ Kh7 38. R2e7 Qxf3+ 0-1

[Event "10th Iberoamericano-ch 2024"]
[Site "Linares"]
[Date "2024.09.25"]
[Round "2.24"]
[White "Mayorga Araya, Sofia"]
[Black "Panelo, Marcelo"]
[Result "1/2-1/2"]
[ECO "B51"]
[WhiteElo "2059"]
[BlackElo "2364"]
[Annotator "RC"]
[PlyCount "126"]
[EventDate "2024.09.25"]
[EventType "swiss"]
[EventCountry "ESP"]
[SourceTitle "playchess.com"]
[Source "ChessBase"]
[SourceQuality "1"]
[TimeControl "5400+30"]

1. e4 c5 2. Nf3 d6 3. Bb5+ Nd7 4. O-O a6 5. Bd3 Ngf6 6. c3 b5 7. Bc2 e5 8. d4 Be7 9. a4 Bb7 10. Qe2 O-O 11. Nbd2 Qc7 12. Bd3 c4 13. Bc2 Rfe8 14. d5 Nc5 15. Nh4 g6 16. Nhf3 Nh5 17. g3 Rab8 18. Qe3 Qd7 19. axb5 axb5 20. b4 cxb3 21. Nxb3 Nxb3 22. Bxb3 Ra8 23. Ba3 Ra6 24. Bb4 Rea8 25. Rxa6 Rxa6 26. Bd1 Bc8 27. Be2 Ra2 28. Nd2 Nf6 29. Nb3 Ng4 30. Qd3 Bd8 31. Nc1 Ra1 32. Qxb5 Qxb5 33. Bxb5 Bc7 34. Nb3 Rxf1+ 35. Bxf1 Bb6 36. Bxd6 Bxf2+ 37. Kg2 Be1 38. Bb4 Nf2 39. Nc5 Nd1 40. d6 Bxc3 41. Bxc3 Nxc3 42. d7 Bxd7 43. Nxd7 Nxe4 44. Nxe5 Kg7 45. Bc4 Nd6 46. Bd5 f5 47. Kf3 Kf6 48. Nd7+ Ke7 49. Nc5 Kf6 50. Kf4 g5+ 51. Kf3 h6 52. g4 Ke5 53. Be6 fxg4+ 54. Kxg4 Ne8 55. Bc8 Nf6+ 56. Kf3 Kd4 57. Nd7 Nxd7 58. Bxd7 h5 59. Be8 Ke5 60. Bb5 g4+ 61. Kg3 h4+ 62. Kxh4 Kf6 63. Kh5 Kg7 1/2-1/2

[Event "10th Iberoamericano-ch 2024"]
[Site "Linares"]
[Date "2024.09.25"]
[Round "2.25"]
[White "Garcia, Jhoel"]
[Black "Santos Flores, Alberto"]
[Result "0-1"]
[ECO "B70"]
[WhiteElo "2360"]
[BlackElo "2168"]
[Annotator "RC"]
[PlyCount "90"]
[EventDate "2024.09.25"]
[EventType "swiss"]
[EventCountry "ESP"]
[SourceTitle "playchess.com"]
[Source "ChessBase"]
[SourceQuality "1"]
[TimeControl "5400+30"]

1. e4 c5 2. Nf3 d6 3. d4 cxd4 4. Nxd4 Nf6 5. Nc3 g6 6. Be2 Bg7 7. O-O O-O 8. Re1 Nc6 9. Nb3 Be6 10. Bf1 d5 11. exd5 Nxd5 12. Ne4 Nf6 13. Nxf6+ Bxf6 14. Bh6 Qxd1 15. Raxd1 Rfd8 16. c3 b6 17. Bf4 Bc8 18. Bc7 Rxd1 19. Rxd1 Bb7 20. Rd7 Bc8 21. Rd1 Bb7 22. Bb5 Kf8 23. Bf4 Rd8 24. Rxd8+ Nxd8 25. Bb8 a6 26. Be2 Ne6 27. Ba7 b5 28. Na5 Bd5 29. c4 bxc4 30. Nxc4 Bd4 31. Bb8 Nc5 32. b3 Ne4 33. Ne3 Bxe3 34. fxe3 Nc3 35. Bxa6 Nxa2 36. Bc7 Nb4 37. Bc4 Bxc4 38. bxc4 Ke8 39. Kf2 Kd7 40. Ba5 Nd3+ 41. Ke2 Ne5 42. c5 Kc6 43. Bd8 e6 44. Be7 f5 45. h3 Nd7 0-1

[Event "10th Iberoamericano-ch 2024"]
[Site "Linares"]
[Date "2024.09.25"]
[Round "2.26"]
[White "Goncalves, Samuel Jesus P"]
[Black "Henriquez Villagra, Cristobal"]
[Result "1-0"]
[ECO "B12"]
[WhiteElo "2169"]
[BlackElo "2604"]
[Annotator "RC"]
[PlyCount "125"]
[EventDate "2024.09.25"]
[EventType "swiss"]
[EventCountry "ESP"]
[SourceTitle "playchess.com"]
[Source "ChessBase"]
[SourceQuality "1"]
[TimeControl "5400+30"]

1. e4 c6 2. d4 d5 3. e5 Bf5 4. Nf3 e6 5. Be2 Nd7 6. O-O h6 7. a4 a5 8. c3 g5 9. Na3 Ne7 10. Nc2 Qc7 11. Ne3 Bg6 12. h4 f6 13. Ng4 Bg7 14. exf6 Nxf6 15. Nfe5 Nxg4 16. Bxg4 Bxe5 17. dxe5 Nf5 18. Bxf5 Bxf5 19. Qh5+ Qf7 20. Qxf7+ Kxf7 21. hxg5 hxg5 22. Bxg5 Rag8 23. Bf4 Rh4 24. Bg3 Rhg4 25. Rfd1 c5 26. Kf1 Ke7 27. Rd2 Kd7 28. Ke2 Kc6 29. b3 c4 30. Rb2 cxb3 31. Rxb3 Bc2 32. Rba3 Rc4 33. R1a2 Bg6 34. Rb2 Kc7 35. f3 Be8 36. Bf2 Rxg2 37. Kf1 Rg5 38. Bb6+ Kc8 39. Rg2 Rxg2 40. Kxg2 Bxa4 41. Bxa5 b5 42. Ra2 Kb7 43. Rd2 Rf4 44. Bb4 Rf5 45. Bd6 Kb6 46. Kg3 Rf7 47. Kf2 Bb3 48. Ke3 Ka5 49. Rd4 Bc4 50. Rf4 Rh7 51. Kd4 Ka4 52. Bb4 Kb3 53. Rf6 Rh1 54. f4 Rd1+ 55. Kc5 d4 56. cxd4 Bd3 57. d5 exd5 58. e6 Rc1+ 59. Kd4 Bc4 60. Bd6 Re1 61. e7 Re4+ 62. Kc5 d4 63. Be5 1-0

[Event "10th Iberoamericano-ch 2024"]
[Site "Linares"]
[Date "2024.09.25"]
[Round "2.27"]
[White "Quesada Perez, Luis Ernesto"]
[Black "Abrisqueta Zudaire, Leyre"]
[Result "1-0"]
[ECO "A05"]
[WhiteElo "2578"]
[BlackElo "2057"]
[Annotator "RC"]
[PlyCount "133"]
[EventDate "2024.09.25"]
[EventType "swiss"]
[EventCountry "ESP"]
[SourceTitle "playchess.com"]
[Source "ChessBase"]
[SourceQuality "1"]
[TimeControl "5400+30"]

1. Nf3 d5 2. g3 Nf6 3. Bg2 Bf5 4. c4 c6 5. Qb3 Qb6 6. d3 e6 7. O-O Nbd7 8. cxd5 Qxb3 9. axb3 exd5 10. Bd2 Bd6 11. b4 O-O 12. Nd4 Bg6 13. Na3 a6 14. Nac2 Rfe8 15. h3 h6 16. g4 Nf8 17. f4 Bh7 18. Rf2 Ne6 19. Nf5 Bc7 20. Nfd4 Nxd4 21. Nxd4 Bb6 22. Bc3 Rad8 23. Kf1 Re7 24. Bh1 Ne8 25. Rg2 Nc7 26. f5 f6 27. Nb3 Nb5 28. Be1 Nd4 29. Bf2 Nxb3 30. Bxb6 Nxa1 31. Bxd8 Re8 32. Bb6 Nc2 33. e4 Nxb4 34. Rd2 d4 35. Kf2 Kh8 36. Bxd4 Bg8 37. Bb6 Re5 38. d4 Rb5 39. Bc7 Bc4 40. Ke3 Kg8 41. Bf3 Na2 42. d5 Rb3+ 43. Kf4 Nb4 44. d6 Rd3 45. Rxd3 Nxd3+ 46. Ke3 Ne5 47. h4 Kf7 48. Bd1 Ke8 49. Kd4 Ba2 50. b3 Bb1 51. g5 hxg5 52. hxg5 Kd7 53. g6 Bd3 54. Ba5 Bb1 55. Bd2 Ke8 56. Be2 Bc2 57. Bf4 c5+ 58. Kc3 Bxe4 59. Bxe5 fxe5 60. Bd3 Bc6 61. Bc4 Kf8 62. Be6 b5 63. d7 Ke7 64. f6+ gxf6 65. g7 b4+ 66. Kd2 Bxd7 67. Bc4 1-0

[Event "10th Iberoamericano-ch 2024"]
[Site "Linares"]
[Date "2024.09.25"]
[Round "2.28"]
[White "Jodorcovsky, Paulo Leonardo"]
[Black "Iturrizaga Bonelli, Eduardo"]
[Result "0-1"]
[ECO "A43"]
[WhiteElo "1935"]
[BlackElo "2577"]
[Annotator "RC"]
[PlyCount "92"]
[EventDate "2024.09.25"]
[EventType "swiss"]
[EventCountry "ESP"]
[SourceTitle "playchess.com"]
[Source "ChessBase"]
[SourceQuality "1"]
[TimeControl "5400+30"]

1. d4 Nf6 2. Nf3 c5 3. d5 b5 4. c3 a6 5. Bg5 Ne4 6. Bh4 Bb7 7. Qd3 Nd6 8. e4 g6 9. a4 Bg7 10. Nbd2 Qb6 11. a5 Qc7 12. Be2 f5 13. O-O c4 14. Qe3 fxe4 15. Nd4 O-O 16. Qg3 e5 17. dxe6 Nc6 18. Nxc6 Qxc6 19. Qh3 dxe6 20. Qxe6+ Rf7 21. Be7 Qe8 22. Qxd6 Rxe7 23. Rfd1 Be5 24. Qc5 e3 25. fxe3 Rc7 26. Qa3 Bg7 27. Bf3 Bf8 28. Qa2 Qxe3+ 29. Kh1 Rd8 30. Bxb7 Rxb7 31. Nf3 Rxd1+ 32. Rxd1 Rf7 33. Rf1 Rxf3 34. gxf3 Qd2 35. Qb1 Bd6 36. f4 Qd5+ 37. Kg1 Bc5+ 38. Rf2 Qd2 39. Qf1 Qxb2 40. Kg2 Bxf2 41. Qxf2 Qxf2+ 42. Kxf2 Kf7 43. Ke3 Ke6 44. Ke4 Kd6 45. Kd4 Kc6 46. h4 h5 0-1

[Event "10th Iberoamericano-ch 2024"]
[Site "Linares"]
[Date "2024.09.25"]
[Round "2.29"]
[White "Cesar Maestre, Bernardo"]
[Black "Santos, Tomas Afonso Pires"]
[Result "1-0"]
[ECO "B92"]
[WhiteElo "2369"]
[BlackElo "2012"]
[Annotator "RC"]
[PlyCount "77"]
[EventDate "2024.09.25"]
[EventType "swiss"]
[EventCountry "ESP"]
[SourceTitle "playchess.com"]
[Source "ChessBase"]
[SourceQuality "1"]
[TimeControl "5400+30"]

1. e4 c5 2. Nf3 d6 3. d4 cxd4 4. Nxd4 Nf6 5. Nc3 a6 6. Be2 e5 7. Nb3 Be7 8. Be3 Be6 9. Nd5 Nbd7 10. Qd3 Bxd5 11. exd5 O-O 12. g4 Nb6 13. c4 Na4 14. O-O-O Nd7 15. h4 Qc7 16. Kb1 Nac5 17. Nxc5 Nxc5 18. Qc2 a5 19. g5 f5 20. f4 e4 21. h5 Rfc8 22. Qc3 Qd7 23. h6 Bf8 24. hxg7 Bxg7 25. Bd4 Bxd4 26. Qxd4 Qg7 27. Qxg7+ Kxg7 28. Rh6 Ra6 29. Rdh1 Rh8 30. g6 e3 31. gxh7 Rb6 32. Kc2 Ne4 33. Re6 Rf8 34. Re7+ Kh8 35. Rg1 Nf6 36. Bd3 Nh5 37. Bxf5 Nxf4 38. Rf7 Re8 39. Rfg7 1-0

[Event "10th Iberoamericano-ch 2024"]
[Site "Linares"]
[Date "2024.09.25"]
[Round "2.30"]
[White "Teran Alvarez, Ismael"]
[Black "Rodriguez Redondo, Adhara"]
[Result "1/2-1/2"]
[ECO "D35"]
[WhiteElo "2329"]
[BlackElo "2184"]
[Annotator "RC"]
[PlyCount "116"]
[EventDate "2024.09.25"]
[EventType "swiss"]
[EventCountry "ESP"]
[SourceTitle "playchess.com"]
[Source "ChessBase"]
[SourceQuality "1"]
[TimeControl "5400+30"]

1. c4 e6 2. Nc3 d5 3. d4 Nf6 4. cxd5 exd5 5. Bg5 c6 6. e3 h6 7. Bh4 Be7 8. Bd3 O-O 9. Nge2 Re8 10. Qc2 Nbd7 11. O-O Ne4 12. Bxe7 Qxe7 13. Bxe4 dxe4 14. Ng3 Nf6 15. Rae1 h5 16. f3 exf3 17. Rxf3 Bg4 18. Rf4 c5 19. Nge4 Nxe4 20. Rxe4 Qg5 21. Qf2 b6 22. Qg3 Rxe4 23. Nxe4 Qg6 24. Nc3 cxd4 25. exd4 Rd8 26. d5 h4 27. Qxh4 f6 28. Qg3 Re8 29. Rxe8+ Qxe8 30. h3 Bd7 31. Kf2 b5 32. Qe3 Qb8 33. b4 Qd6 34. Qd4 a6 35. Kg1 Be6 36. Qc5 Qxc5+ 37. bxc5 b4 38. Ne2 Bxd5 39. Nf4 Bxa2 40. c6 Bb1 41. Nd5 Kf7 42. Nxb4 a5 43. Nd5 Ke6 44. Nc3 Bd3 45. Kf2 Kd6 46. h4 Kxc6 47. Ke3 Bg6 48. Kd4 Bc2 49. Ne2 a4 50. Nf4 g5 51. hxg5 fxg5 52. Nh3 g4 53. Nf2 Bf5 54. Kc3 Kb5 55. Kb2 Kb4 56. g3 a3+ 57. Ka1 Kb3 58. Ne4 Bxe4 1/2-1/2

[Event "10th Iberoamericano-ch 2024"]
[Site "Linares"]
[Date "2024.09.25"]
[Round "2.31"]
[White "Prado Acebo, Ines"]
[Black "Leyva, Hector"]
[Result "0-1"]
[ECO "C41"]
[WhiteElo "2189"]
[BlackElo "2296"]
[Annotator "RC"]
[PlyCount "74"]
[EventDate "2024.09.25"]
[EventType "swiss"]
[EventCountry "ESP"]
[SourceTitle "playchess.com"]
[Source "ChessBase"]
[SourceQuality "1"]
[TimeControl "5400+30"]

1. e4 d6 2. d4 e5 3. Nf3 Qe7 4. Nc3 c6 5. a4 h6 6. h3 Nf6 7. Be3 Qc7 8. Bc4 Be7 9. O-O g5 10. dxe5 dxe5 11. Nh2 Nbd7 12. Ng4 Nxg4 13. hxg4 Nf6 14. f3 Qa5 15. Qe2 Nd7 16. Bf2 Nc5 17. Rfb1 Ne6 18. Nd1 Nf4 19. Qf1 h5 20. b4 Qc7 21. gxh5 Rxh5 22. Ne3 Qd6 23. Bg3 a5 24. c3 Bd8 25. bxa5 Bxa5 26. Ra2 Qc5 27. Bf2 Qf8 28. Bg3 Bxc3 29. Kf2 Bd4 30. Qc1 Qc5 31. Bf1 Qa7 32. Ra3 Rh1 33. a5 Bd7 34. a6 bxa6 35. Qc4 a5 36. Qa2 Qc5 37. Rd1 Be6 0-1

[Event "10th Iberoamericano-ch 2024"]
[Site "Linares"]
[Date "2024.09.25"]
[Round "2.32"]
[White "Fier, Alexandr"]
[Black "Portero Rubio, Martin"]
[Result "1-0"]
[ECO "B90"]
[WhiteElo "2551"]
[BlackElo "2043"]
[Annotator "TA"]
[PlyCount "85"]
[EventDate "2024.09.25"]
[EventType "swiss"]
[EventCountry "ESP"]
[SourceTitle "playchess.com"]
[Source "ChessBase"]
[SourceQuality "1"]
[TimeControl "5400+30"]

1. e4 c5 2. Nf3 d6 3. d4 cxd4 4. Nxd4 Nf6 5. Nc3 a6 6. Be3 e5 7. Nb3 Be7 8. f3 Be6 9. Qd2 h5 10. O-O-O Nbd7 11. h3 Qc7 12. Bd3 b5 13. Kb1 {[%emt 0:02:36] The position is equal.} b4 14. Nd5 Bxd5 15. exd5 a5 (15... Nxd5 $11 {keeps the balance.} 16. Bg5 Rb8) 16. Bb5 $16 {[%emt 0:00:36] A strong pair of Bishops.} O-O 17. g4 (17. Bc6 $16) 17... h4 (17... Nb6 $14) 18. Bc6 Rab8 (18... a4 $16) 19. f4 a4 20. Bxa4 Rfc8 (20... Nb6 $16) 21. Bc6 exf4 22. Bxf4 Ne5 23. Bxe5 dxe5 24. Qe1 Rb6 25. g5 (25. Qxh4 $2 Nxd5 26. Qf2 Qxc6 $19 (26... Rxc6 27. Rxd5 Rxc2 28. Rd2 $17)) 25... Nh5 26. g6 (26. Qxh4 $18 {and the rest is easy.} Nf4 27. Qg3) 26... fxg6 27. Qe4 {[%emt 0:01:14] White is more active.} Ng3 28. Qc4 {[%emt 0:00:05] [#] Strongly threatening d6+.} (28. Qxg6 Nxh1 29. Qe6+ Kh7 30. Rxh1 Rxc6 31. dxc6 Qxc6 32. Qxc6 Rxc6 $19) 28... Qd6 29. Rhe1 Rd8 ({Black should play} 29... Kh7 $14) 30. Na5 e4 {[%emt 0:06:23] [#]} (30... Bf6 $16) 31. Qb3 $1 $18 {[%emt 0:01:13] Threatens to win with Nc4.} ({Weaker is} 31. Nb7 Rxb7 32. Bxb7 Kh7 $14) 31... Kh7 32. Nc4 $1 Qc5 33. Nxb6 Qxb6 34. a4 {[%emt 0:00:02][%cal Od5d6] d6! would now be deadly.} Bd6 35. Qc4 ({Resist} 35. Qe3 Qc7 36. Qg5 Be7) 35... Rf8 36. Qb5 (36. Bb5 $18) 36... Qf2 $14 37. Qc4 ({Reject} 37. a5 e3 38. Ka2 e2) (37. Rc1 $1 $14) 37... g5 $2 (37... Qb6 $1 $11 {and Black is okay.}) 38. Bb5 $18 e3 $2 (38... g6 {is more resistant.} 39. Qc6 Rf6 40. Qd7+ Kh6) 39. Qd3+ {[%emt 0:00:11] White is clearly winning.} Nf5 40. Rf1 g6 41. Rxf2 exf2 42. Qe4 Ng3 43. Qe6 {[%emt 0:00:04] Weighted Error Value: White=0.26 (precise) /Black=0.47.  Loses game:     	---       	Black=1      Mistake:       	White=4     	Black=7      Inaccurate:     	White=1     	Black=1      OK:         	White=10    	Black=13     Best:        	White=3     	Black=1      Strong:       	White=1     	---} 1-0

[Event "10th Iberoamericano-ch 2024"]
[Site "Linares"]
[Date "2024.09.25"]
[Round "2.33"]
[White "Buiza Prieto, Eihartze"]
[Black "Labiano Hernandez, Juan"]
[Result "0-1"]
[ECO "B40"]
[WhiteElo "2056"]
[BlackElo "2398"]
[Annotator "RC"]
[PlyCount "138"]
[EventDate "2024.09.25"]
[EventType "swiss"]
[EventCountry "ESP"]
[SourceTitle "playchess.com"]
[Source "ChessBase"]
[SourceQuality "1"]
[TimeControl "5400+30"]

1. e4 c5 2. Nf3 Nc6 3. d4 cxd4 4. Nxd4 Nf6 5. Nc3 e6 6. Be2 Bb4 7. O-O d6 8. Nxc6 bxc6 9. Bd3 e5 10. Ne2 O-O 11. c4 Bc5 12. Ng3 Rb8 13. Rb1 Bg4 14. Qe1 a5 15. Be3 Bb4 16. Qc1 d5 17. Bg5 Be7 18. Bxf6 Bxf6 19. exd5 cxd5 20. cxd5 Qxd5 21. Bc4 Qd4 22. b3 g6 23. Qe3 Qxe3 24. fxe3 Bg5 25. Rbe1 Bh4 26. Rc1 Rbd8 27. Ne4 Bf5 28. Nc3 Bg5 29. Rce1 Rd2 30. Rf2 Rfd8 31. Ree2 Rxe2 32. Rxe2 Bd3 33. Re1 Bxc4 34. bxc4 Rc8 35. Ne4 Bh6 36. c5 f5 37. Nd6 Rxc5 38. Re2 Bf8 39. Nb7 Rb5 40. Nd8 e4 41. Kf2 Bc5 42. Ne6 Be7 43. g3 Kf7 44. Nd4 Rb1 45. Rc2 a4 46. g4 Bh4+ 47. Kg2 fxg4 48. Rc7+ Kg8 49. a3 Rb2+ 50. Kh1 Bf6 51. Rc4 Bg5 52. Rc8+ Kf7 53. Rc7+ Kg8 54. Rc8+ Kg7 55. Ne6+ Kf6 56. Nxg5 Kxg5 57. Rc4 Rb3 58. Rxa4 Rxe3 59. Kg2 Kf4 60. Ra7 Re2+ 61. Kg1 h5 62. a4 h4 63. a5 e3 64. Rf7+ Kg5 65. a6 Ra2 66. a7 h3 67. Kf1 g3 68. hxg3 h2 69. Rh7 Rxa7 0-1

[Event "10th Iberoamericano-ch 2024"]
[Site "Linares"]
[Date "2024.09.25"]
[Round "2.34"]
[White "Follana Albelda, Lucia"]
[Black "Prado Lobo, Jonas"]
[Result "1/2-1/2"]
[ECO "C13"]
[WhiteElo "2043"]
[BlackElo "2385"]
[Annotator "TA"]
[PlyCount "28"]
[EventDate "2024.09.25"]
[EventType "swiss"]
[EventCountry "ESP"]
[SourceTitle "playchess.com"]
[Source "ChessBase"]
[SourceQuality "1"]
[TimeControl "5400+30"]

1. e4 e6 2. d4 d5 3. Nc3 Nf6 4. Bg5 Be7 5. e5 Nfd7 6. h4 h6 7. Bxe7 Qxe7 8. f4 O-O ({Black should try} 8... a6 $11) 9. Qd2 c5 10. Nf3 Nc6 {[%emt 0:02:16] White has an edge.} 11. O-O-O a6 12. g4 f6 {[%emt 0:32:43] [#]} (12... Nxd4 $14 13. Nxd4 cxd4) 13. g5 $1 $18 {[%emt 0:18:41] And now gxf6 would win.} cxd4 {[%emt 0:01:41] [#]} 14. Ne2 ({Don't do} 14. Nxd4 $6 fxe5 15. Nxc6 bxc6 16. gxh6 exf4 17. hxg7 (17. Rg1 Rf7 $11) 17... Rf7 $14 (17... Qxg7 $2 {is the wrong capture.} 18. Bb5 $18)) 14... Nc5 {[%emt 0:08:25] Weighted Error Value: White=0.04 (flawless) /Black=0.41.  Mistake:       	---       	Black=2      Inaccurate:     	White=1     	Black=1      OK:         	White=4     	Black=1      Strong:       	White=1     	---} (14... fxe5 $16 15. gxh6 Qf6) 1/2-1/2

[Event "10th Iberoamericano-ch 2024"]
[Site "Linares"]
[Date "2024.09.25"]
[Round "2.35"]
[White "Bendayan Claros, Aaron"]
[Black "Guillo Longares, Cecilia"]
[Result "1-0"]
[ECO "D95"]
[WhiteElo "2200"]
[BlackElo "2036"]
[Annotator "RC"]
[PlyCount "71"]
[EventDate "2024.09.25"]
[EventType "swiss"]
[EventCountry "ESP"]
[SourceTitle "playchess.com"]
[Source "ChessBase"]
[SourceQuality "1"]
[TimeControl "5400+30"]

1. d4 Nf6 2. c4 g6 3. Nc3 d5 4. Nf3 Bg7 5. e3 O-O 6. Qb3 e6 7. Bd2 a6 8. a4 dxc4 9. Bxc4 c5 10. dxc5 Nbd7 11. Qa3 Qc7 12. b4 b6 13. Rc1 bxc5 14. b5 Bb7 15. O-O Rfd8 16. Rfd1 Ng4 17. Be2 Bxf3 18. Bxf3 Qxh2+ 19. Kf1 Qh4 20. g3 Qh3+ 21. Bg2 Qh2 22. Be1 Nde5 23. Qxc5 Bf8 24. Rxd8 Rxd8 25. Qc7 Rd7 26. Qc8 axb5 27. axb5 Rd6 28. Ne4 Rd5 29. b6 Qh5 30. b7 Nh2+ 31. Kg1 Nhf3+ 32. Bxf3 Nxf3+ 33. Kg2 Rf5 34. b8=Q Nxe1+ 35. Rxe1 Qf3+ 36. Kg1 1-0

[Event "10th Iberoamericano-ch 2024"]
[Site "Linares"]
[Date "2024.09.25"]
[Round "2.36"]
[White "Garcia Paolicchi, Raul"]
[Black "Vehi Bach, Victor Manuel"]
[Result "1/2-1/2"]
[ECO "E06"]
[WhiteElo "2034"]
[BlackElo "2191"]
[Annotator "RC"]
[PlyCount "40"]
[EventDate "2024.09.25"]
[EventType "swiss"]
[EventCountry "ESP"]
[SourceTitle "playchess.com"]
[Source "ChessBase"]
[SourceQuality "1"]
[TimeControl "5400+30"]

1. d4 Nf6 2. Nf3 e6 3. c4 d5 4. g3 Be7 5. Bg2 O-O 6. O-O a5 7. Qc2 Nc6 8. a3 dxc4 9. Qxc4 a4 10. Nc3 Bd7 11. Bf4 Nh5 12. Rad1 Nxf4 13. gxf4 Na5 14. Qd3 c6 15. Ne5 b5 16. Ne4 Be8 17. Qc3 f6 18. Nd3 Qc7 19. Ndc5 Bf7 20. e3 Nc4 1/2-1/2

[Event "10th Iberoamericano-ch 2024"]
[Site "Linares"]
[Date "2024.09.25"]
[Round "2.37"]
[White "Perez Ruiz, Santiago"]
[Black "Rodriguez Lopez, Rafael"]
[Result "0-1"]
[ECO "E01"]
[WhiteElo "2025"]
[BlackElo "2162"]
[Annotator "RC"]
[PlyCount "76"]
[EventDate "2024.09.25"]
[EventType "swiss"]
[EventCountry "ESP"]
[SourceTitle "playchess.com"]
[Source "ChessBase"]
[SourceQuality "1"]
[TimeControl "5400+30"]

1. d4 Nf6 2. c4 e6 3. g3 d5 4. Bg2 Bb4+ 5. Nd2 O-O 6. Qc2 b6 7. a3 Be7 8. Ngf3 Bb7 9. Ne5 c5 10. dxc5 bxc5 11. O-O Qc7 12. Ndf3 Bd6 13. Nd3 e5 14. Nh4 e4 15. Ne1 d4 16. Bg5 Nbd7 17. Nf5 Rfe8 18. Nxd6 Qxd6 19. b4 h6 20. Bf4 Ne5 21. bxc5 Qxc5 22. Rb1 Bc6 23. Qc1 a5 24. f3 Ng6 25. fxe4 Nxf4 26. Rxf4 d3+ 27. e3 Rad8 28. Rf5 Qa7 29. Qd2 Bxe4 30. Rxa5 Qc7 31. Nf3 Ng4 32. Re1 Bxf3 33. Bxf3 Nxe3 34. Bd5 Nxc4 35. Rxe8+ Rxe8 36. Bxc4 Qxc4 37. Rf5 Qd4+ 38. Kg2 Re2+ 0-1

[Event "10th Iberoamericano-ch 2024"]
[Site "Linares"]
[Date "2024.09.25"]
[Round "2.38"]
[White "Rocha, Maximiliano"]
[Black "Zapata Campos, Lidia Karen"]
[Result "1-0"]
[ECO "B28"]
[WhiteElo "2156"]
[BlackElo "2029"]
[Annotator "RC"]
[PlyCount "76"]
[EventDate "2024.09.25"]
[EventType "swiss"]
[EventCountry "ESP"]
[SourceTitle "playchess.com"]
[Source "ChessBase"]
[SourceQuality "1"]
[TimeControl "5400+30"]

1. e4 c5 2. Nf3 a6 3. c3 Nf6 4. e5 Nd5 5. d4 cxd4 6. Bc4 Nb6 7. Bb3 d5 8. Qxd4 Nc6 9. Qf4 h6 10. Be3 e6 11. Nbd2 g5 12. Qg3 Nd7 13. O-O b5 14. Nd4 Ndxe5 15. f4 gxf4 16. Bxf4 Nxd4 17. cxd4 Ng6 18. Rae1 Be7 19. Bc7 Qd7 20. Rxf7 Kxf7 21. Rf1+ Bf6 22. Be5 Nxe5 23. dxe5 Ke8 24. exf6 Rf8 25. Bd1 Bb7 26. Bg4 Kd8 27. Nb3 Qc7 28. Qh4 Qb6+ 29. Kh1 Qe3 30. Bxe6 Qxe6 31. Nc5 Qe3 32. Nxb7+ Kc7 33. Na5 Rae8 34. h3 Re4 35. Qh5 Qe2 36. Qf5 Re5 37. Qf4 Qe3 38. Qg4 Rg5 1-0